 Dungeon Crawl Stone Soup version 0.24.0-37-gcf1ca852f1 (webtiles) character file.

Game seed: 17008560866767013161, levelgen mode: deterministic

9652 Amplified the Fighter (level 11, -10/93 HPs)
             Began as a Merfolk Berserker on Nov 27, 2019.
             Was an Elder of Trog.
             Mangled by a sixfirhy (13 damage)
             ... summoned by an orc sorcerer
             ... on level 2 of the Orcish Mines.
             The game lasted 00:09:56 (7407 turns).

Amplified the Fighter (Merfolk Berserker)           Turns: 7407, Time: 00:09:57

Health: -10/93     AC:  9    Str: 18    XL:     11   Next: 49%
Magic:  11/11      EV: 18    Int:  8    God:    Trog [****..]
Gold:   627        SH:  0    Dex: 18    Spells: 10/10 levels left

rFire    + . .     SeeInvis +   a - +7 great sword of Emilladd {freeze, rC++ Dex+3}
rCold    + . .     Gourm    .   (shield currently unavailable)
rNeg     . . .     Faith    .   i - +1 ring mail {rPois}
rPois    +         Spirit   .   (no helmet)
rElec    .         Reflect  .   k - +0 cloak
rCorr    .         Harm     +   n - +0 pair of gloves
MR       .....                  (no boots)
Stlth    +.........             l - amulet of harm
HPRegen  0.25/turn              b - ring of fire
MPRegen  0.12/turn              r - ring of see invisible

@: berserk cooldown, very slightly contaminated, slowed, lightly drained, very
slow
A: change form in water, swift swim, stealthy swim
a: Berserk, Trog's Hand, Brothers in Arms, Renounce Religion


You were on level 2 of the Orcish Mines.
You worshipped Trog.
Trog was greatly pleased with you.
You were not hungry.

You visited 2 branches of the dungeon, and saw 11 of its levels.

You collected 627 gold pieces.

Inventory:

Hand Weapons
 a - the +7 great sword of Emilladd (weapon) {freeze, rC++ Dex+3}
   (You found it on level 4 of the Dungeon)

   It has been specially enchanted to freeze those struck by it, causing extra
   injury to most foes and up to half again as much damage against particularly
   susceptible opponents.
   It can also slow down cold-blooded creatures.
   It affects your dexterity (+3).
   It greatly protects you from cold.
 m - a +3 scythe of venom
Missiles
 x - 10 atropa-tipped darts (quivered)
Armour
 g - a +1 leather armour of fire resistance
 i - a +1 ring mail of poison resistance (worn)
 k - a +0 cloak (worn)
 n - a +0 pair of gloves (worn)
Jewellery
 b - a ring of fire (left hand)
 l - an amulet of harm (around neck)
 r - a ring of see invisible (right hand)
Wands
 d - a wand of acid (2)
 q - a wand of random effects (15)
 w - a wand of polymorph (18)
 z - a wand of enslavement (7)
Scrolls
 h - a scroll of blinking
 o - 2 scrolls of magic mapping
 s - 2 scrolls of remove curse
 u - 2 scrolls of enchant weapon
 v - a scroll of fog
 y - a scroll of identify
Potions
 e - 2 potions of mutation
 f - a potion of ambrosia
 j - 2 potions of curing
 p - a potion of resistance
Comestibles
 c - 11 rations


   Skills:
 * Level 11.5(11.1) Fighting
 * Level 10.4(10.0) Long Blades
 - Level 6.9(6.6) Polearms
 + Level 5.6(5.3) Armour
 + Level 9.8(9.4) Dodging


You had 10 spell levels left.
You didn't know any spells.
Your spell library contained the following spells:

 Spells                   Type           Power        Failure   Level  Hunger
 Animate Skeleton         Necr           N/A          58%         1    ##.....
 Infusion                 Chrm           #...         58%         1    ##.....
 Pain                     Necr           #...         58%         1    ##.....
 Summon Small Mammal      Summ           #...         58%         1    ##.....
 Call Imp                 Summ           #.......     73%         2    ###....
 Shroud of Golubria       Chrm/Tloc      #.....       73%         2    ###....
 Song of Slaying          Chrm           #.......     73%         2    ###....
 Call Canine Familiar     Summ           #.......     91%         3    ####...
 Regeneration             Chrm/Necr      #.........   91%         3    ####...
 Spectral Weapon          Hex/Chrm       #.......     91%         3    ####...
 Summon Guardian Golem    Hex/Summ       #.......     91%         3    ####...
 Vampiric Draining        Necr           #.........   91%         3    ####...
 Animate Dead             Necr           N/A          100%        4    #####..
 Summon Ice Beast         Ice/Summ       #.......     100%        4    #####..
 Summon Lightning Spire   Summ/Air       #.......     100%        4    #####..


Dungeon Overview and Level Annotations

Branches:
Dungeon (9/15)             Temple (0/1) D:5            Lair (0/6) D:8
    Orc (2/2) D:9
    Elf: Orc:2

Altars:
Ashenzari
Fedhas
Kikubaaqudgha
Nemelex Xobeh
Okawaru
Sif Muna
Zin
The Shining One

Shops:
D:5 =

Annotations:
D:8 4 runed translucent doors, Harold


Message History

The orc priest hits you from afar with a +0 trident.
* * * LOW HITPOINT WARNING * * *
Your two-headed ogre misses the hellwing.
Your two-headed ogre hits the hellwing with a +0 giant club!!
Unknown command.
Unknown command.
Unknown command.
Unknown command.
Blink to where?
Press: ? - help, Dir - move target cursor
As you read the scroll of blinking, it crumbles to dust.
The hellwing disappears in a puff of smoke!
The sixfirhy closely misses you.
You riposte.
You miss the sixfirhy.
Your two-headed ogre hits the orc priest with a cursed -1 giant club!!
The orc priest dies!
Trog accepts your kill. The sixfirhy hits you!
* * * LOW HITPOINT WARNING * * *
The sixfirhy shocks you!
You die...

.........###
..#..oo)..##
......O))...##
..##...))<...# #
###..[))...#
#.####.....$..##
.............##
.......3....##
..$....@...##
........#.##
#.....##<...
#..$.. #. ..#
..... .. ##
..... ## ....
....


You could see a sixfirhy, an orc sorcerer, an orc and a friendly two-headed ogre
(berserk).

Vanquished Creatures
  The ghost of Mrkan the Grappler, a novice TrMo of Nemelex Xobeh (D:6)
  3 orc knights (D:9)
  Joseph (D:7)
  Prince Ribbit (D:8)
  Sigmund (D:2)
  A spriggan (D:7)
  4 yaks (D:9)
  18 wargs (D:9)
  Menkaure (D:6)
  4 ice beasts
  A black bear (D:8)
  9 orc warriors
  8 ogres
  A crocodile (D:7)
  4 centaurs
  5 bullfrogs
  Blork the orc (D:5)
  2 scorpions
  9 killer bees
  A jelly (D:9)
  3 crimson imps
  A bullfrog zombie (D:5)
  Crazy Yiuf (D:6)
  A centaur zombie (D:9)
  3 hounds
  6 orc wizards
  5 orc priests
  3 iguanas
  A worker ant (D:6)
  2 hound zombies
  2 hound skeletons
  A howler monkey zombie (D:8)
  5 adders
  A shadow imp (D:5)
  An adder zombie (D:7)
  An ooze (D:1)
  2 adder skeletons
  2 worms
  2 leopard geckos
  47 orcs
  5 bats
  6 giant cockroaches
  5 goblins
  10 hobgoblins
  10 jackals
  4 quokkas
  2 ball pythons (D:1)
  3 frilled lizards
  6 kobolds
  8 rats
225 creatures vanquished.

Vanquished Creatures (collateral kills)
  An orc priest (Orc:2)
1 creature vanquished.

Vanquished Creatures (others)
  An orc (Orc:2)
1 creature vanquished.

Grand Total: 227 creatures vanquished

Notes
Turn   | Place    | Note
-------+----------+-------------------------------------------
     0 | D:1      | Amplified the Merfolk Berserker began the quest for the
                  | Orb.
     0 | D:1      | Reached XP level 1. HP: 18/18 MP: 1/1
    21 | D:1      | Found a shattered altar of Ashenzari.
    77 | D:1      | Reached XP level 2. HP: 24/24 MP: 2/2
   720 | D:2      | Reached XP level 3. HP: 30/30 MP: 3/3
   838 | D:2      | Reached skill level 5 in Polearms
  1044 | D:2      | Noticed Sigmund
  1050 | D:2      | Killed Sigmund
  1050 | D:2      | Reached ** piety under Trog
  1050 | D:2      | Reached skill level 4 in Fighting
  1050 | D:2      | Reached XP level 4. HP: 38/38 MP: 4/4
  1050 | D:2      | Reached XP level 5. HP: 43/43 MP: 5/5
  1135 | D:2      | Found a glowing golden altar of the Shining One.
  1135 | D:2      | Found an iron altar of Okawaru.
  1602 | D:3      | Found a sparkling altar of Nemelex Xobeh.
  1679 | D:3      | Reached XP level 6. HP: 44/50 MP: 6/6
  2194 | D:4      | Reached skill level 5 in Fighting
  2390 | D:4      | Reached *** piety under Trog
  3122 | D:4      | Got a warped great sword
  3123 | D:4      | Identified the +7 great sword of Emilladd {freeze, rC++
                  | Dex+3} (You found it on level 4 of the Dungeon)
  3156 | D:5      | Entered Level 5 of the Dungeon
  3198 | D:5      | Found Milu's Jewellery Shoppe.
  3232 | D:5      | Noticed Blork the orc
  3243 | D:5      | Killed Blork the orc
  3243 | D:5      | Reached skill level 1 in Long Blades
  3243 | D:5      | Reached XP level 7. HP: 56/56 MP: 7/7
  3498 | D:5      | Found a shimmering blue altar of Sif Muna.
  3646 | D:5      | Found an ancient bone altar of Kikubaaqudgha.
  3751 | D:5      | Found a staircase to the Ecumenical Temple.
  3752 | D:5      | Reached skill level 6 in Fighting
  3752 | D:5      | Reached skill level 5 in Dodging
  4056 | D:6      | Reached XP level 8. HP: 65/65 MP: 8/8
  4131 | D:6      | Found a runed translucent door.
  4132 | D:6      | Noticed Crazy Yiuf
  4169 | D:6      | Killed Crazy Yiuf
  4202 | D:6      | Reached skill level 7 in Fighting
  4216 | D:6      | Found a runed translucent door.
  4229 | D:6      | Noticed Mrkan's ghost (novice TrMo)
  4269 | D:6      | Killed Mrkan's ghost
  4269 | D:6      | Reached skill level 5 in Long Blades
  4269 | D:6      | Reached XP level 9. HP: 31/73 MP: 9/9
  4572 | D:6      | Reached skill level 8 in Fighting
  4662 | D:6      | Found a blossoming altar of Fedhas.
  4731 | D:6      | Noticed Menkaure
  4737 | D:6      | Killed Menkaure
  4737 | D:6      | Reached **** piety under Trog
  5026 | D:7      | Noticed Joseph
  5081 | D:7      | Killed Joseph
  5176 | D:7      | Reached skill level 9 in Fighting
  5337 | D:7      | Reached XP level 10. HP: 71/83 MP: 10/10
  5553 | D:8      | Found a staircase to the Lair.
  5641 | D:8      | Found a huge runed translucent gate.
  5641 | D:8      | Found a huge runed translucent gate.
  5641 | D:8      | Found a huge runed translucent gate.
  5641 | D:8      | Found a huge runed translucent gate.
  5641 | D:8      | Noticed a death yak
  5768 | D:8      | Noticed Prince Ribbit
  5774 | D:8      | Killed Prince Ribbit
  5774 | D:8      | Received a gift from Trog
  5945 | D:8      | Noticed Harold
  5973 | D:9      | Reached skill level 10 in Fighting
  6046 | D:9      | Found a staircase to the Orcish Mines.
  6227 | D:9      | Reached skill level 5 in Armour
  6634 | D:9      | Found a glowing silver altar of Zin.
  6685 | D:9      | Received a gift from Trog
  6688 | D:9      | Reached XP level 11. HP: 78/92 MP: 11/11
  6777 | D:9      | Reached skill level 11 in Fighting
  6833 | D:9      | Noticed an orc knight
  6840 | D:9      | Killed an orc knight
  7044 | D:9      | Noticed an orc knight
  7047 | D:9      | Noticed an orc knight
  7050 | D:9      | Killed an orc knight
  7050 | D:9      | Reached skill level 10 in Long Blades
  7060 | D:9      | Killed an orc knight
  7384 | Orc:1    | Entered Level 1 of the Orcish Mines
  7385 | Orc:1    | Noticed an orc warlord
  7387 | Orc:2    | Entered Level 2 of the Orcish Mines
  7392 | Orc:2    | Noticed an orc sorcerer
  7403 | Orc:2    | Noticed a sixfirhy
  7407 | Orc:2    | HP: 3/93 [sixfirhy[an orc sorcerer] (12)]
  7407 | Orc:2    | Mangled by a sixfirhy

Levels and vault maps discovered:
D:1:      dpeg_arrival_lava_altar, layout_rooms, nicolae_ashenzari_panopticon
D:2:      layout_loops_cross, gammafunk_temple_overflow_statue, uniq_sigmund
D:3:      layout_loops_corners, nemelex_spade_bored_becter
D:4:      layout_gridville, first_ration, chequers_serial_rivers_micro_b,
          minmay_crystal_water
D:5:      layout_basic, lemuel_crystal_altar, lemuel_round_altar,
          minmay_temple_entry_arrows, serial_shops, kennysheep_mini_moat,
          uniq_blork_the_orc
D:6:      layout_loops_ring, fedhas_ov_isle_minmay, gammafunk_ghost_grave,
          uniq_crazy_yiuf_cottage, uniq_menkaure
D:7:      layout_rooms, amethyst_killhole, the_bakery, uniq_joseph
D:8:      lemuel_bear_cage, layout_basic, dpeg_oklobed_lair,
          uniq_prince_ribbit1, uniq_harold
D:9:      lemuel_castle_with_subvaults [lemuel_castle_interior_carwin_2],
          layout_irregular_city, zin_scriptorium, david_orc_3
Orc:1:    layout_caves, serial_shops, shop_fountains
Orc:2:    pf_orc_diabolical, layout_diamond_mine, uniq_sonja

Skill      XL: |  1  2  3  4  5  6  7  8  9 10 11 |
---------------+----------------------------------+-----
Dodging        | 3 4 5 6 7 9 |  9.8
Polearms       | 6 |  6.9
Fighting       | 4 5 6 7 9 10 11 | 11.5
Armour         | 2 3 4 5 |  5.6
Long Blades    | 1 3 5 7 9 10 | 10.4

Action                   |  1- 3 |  4- 6 |  7- 9 | 10-12 || total
-------------------------+-------+-------+-------+-------++-------
Melee: Spear             |    97 |       |       |       ||    97
       Scythe            |       |    99 |       |       ||    99
       Great sword       |       |     9 |   103 |   162 ||   274
       Tailslap          |       |       |       |     6 ||     6
Invok: Berserk           |     2 |     3 |     7 |     8 ||    20
       Trog's Hand       |       |       |     1 |     2 ||     3
       Brothers in Arms  |       |       |       |     1 ||     1
Evoke: Wand              |       |     4 |     1 |     8 ||    13
  Use: Scroll            |     5 |     6 |     3 |     4 ||    18
       Potion            |       |     1 |     5 |     3 ||     9
  Eat: Chunk             |     1 |     7 |     8 |    13 ||    29
       Ration            |       |     1 |     2 |     1 ||     4
Armor: Animal skin       |    10 |     1 |       |       ||    11
       Ring mail         |       |    45 |    18 |    58 ||   121
       Skin              |       |       |    17 |     1 ||    18
       Leather armour    |       |       |     6 |       ||     6
Dodge: Dodged            |    64 |   101 |    92 |   204 ||   461
       Rpst.: Great sword |       |     2 |    25 |    45 ||    72
